 Dungeon Crawl Stone Soup version 0.18-a0-1040-g4865665 (webtiles) character file.

5954 Kris the Thaumaturge (level 10, -1/85 HPs)
             Began as a Gargoyle Earth Elementalist on Jan 10, 2016.
             Was a Believer of Vehumet.
             Slain by donomii's ghost (2 damage)
             ... on level 1 of the Lair of Beasts.
             The game lasted 00:42:28 (10906 turns).

Kris the Thaumaturge (Gargoyle Earth Elementalist) Turns: 10906, Time: 00:42:28

Health: -1/85      AC: 15    Str: 17    XL:     10   Next: 84%
Magic:  20/22      EV: 13    Int: 19    God:    Vehumet [**....]
Gold:   505        SH:  0    Dex: 10    Spells: 5 memorised, 13 levels left

rFire  . . .     SeeInvis .     i - +3 whip (elec)
rCold  . . .     Gourm    .     a - +1 robe
rNeg   + . .     Faith    .     (no shield)
rPois  ∞         Spirit   .     z - +2 hat {MR+}
rElec  +         Dismiss  .     (no cloak)
rCorr  +         Reflect  .     q - +2 pair of gloves
SustAt .         Harm     .     (no boots)
MR     +....                    h - amulet of magic regeneration
Stlth  ..........               (no ring)
                                C - ring of resist corrosion

@: berserking (expiring), very quick, somewhat resistant to hostile
enchantments, extremely unstealthy
A: negative energy resistance 1, electricity resistance, unbreathing,
petrification resistance, rot immunity, AC +7
a: Renounce Religion


You were on level 1 of the Lair of Beasts.
You worshipped Vehumet.
Vehumet was pleased with you.
You were not hungry.

You visited 3 branches of the dungeon, and saw 10 of its levels.

You collected 505 gold pieces.

Inventory:

Hand Weapons
 e - a +1 whip of venom
 i - a +3 whip of electrocution (weapon)
Missiles
 b - 253 stones (quivered)
Armour
 a - a +1 robe (worn)
 k - a +2 shield
 q - a +2 pair of gloves (worn)
 z - a +2 hat of magic resistance (worn)
Jewellery
 h - an amulet of magic regeneration (around neck)
 y - an uncursed amulet of rage {unknown}
 C - a ring of resist corrosion (left hand)
Wands
 g - a wand of magic darts (22/48)
 m - a wand of lightning (0/15)
 p - a wand of teleportation (4/9)
 x - a wand of flame (4/48)
 B - a wand of random effects (25/48)
 H - a wand of frost (15/48)
 I - a wand of disintegration (17/24)
 L - a wand of confusion (9/48)
Scrolls
 j - a scroll of fear
 n - 2 scrolls of teleportation
 o - 4 scrolls of recharging
 u - 3 scrolls of fog
 v - 4 scrolls of remove curse
 J - a scroll of identify
 K - a scroll of blinking
Potions
 f - 7 potions of curing
 l - a potion of berserk rage
 t - a potion of brilliance
 w - a potion of flight
 A - a potion of ambrosia {unknown}
 D - a potion of cancellation {unknown}
 E - 3 potions of lignification {unknown}
 F - 2 potions of haste
 G - a potion of resistance
Books
 c - a book of Geomancy

   Spells                             Type                      Level
   a - Sandblast                      Earth                        1
   b - Stoneskin                      Transmutation/Earth          2
   c - Passwall                       Transmutation/Earth          3
   d - Stone Arrow                    Conjuration/Earth            3
   e - Petrify                        Transmutation/Earth          4
   f - Lee's Rapid Deconstruction     Earth                        5
Comestibles
 d - 5 bread rations
 r - 18 fruits
 s - 3 meat rations
 M - a slice of pizza


   Skills:
 + Level 4.2 Fighting
 + Level 3.5 Maces & Flails
 + Level 4.1 Armour
 + Level 3.8 Dodging
 - Level 2.1 Stealth
 + Level 3.4 Shields
 * Level 8.6 Spellcasting
 + Level 6.9 Conjurations
 - Level 0.7 Transmutations
 + Level 0.2 Fire Magic
 + Level 8.3 Earth Magic
 + Level 3.2 Evocations


You had 13 spell levels left.
You knew the following spells:

 Your Spells              Type           Power        Failure   Level  Hunger
a - Sandblast             Erth           #####.       1%          1    None
b - Stoneskin             Trmt/Erth      ####....     1%          2    None
c - Stone Arrow           Conj/Erth      #####.       1%          3    None
d - Lee's Rapid Deconstr  Erth           #####.....   12%         5    #####..
e - Throw Flame           Conj/Fire      ###...       3%          2    None


Dungeon Overview and Level Annotations

Branches:
Dungeon (8/15)             Temple (1/1) D:4            Lair (1/8) D:8

Altars:
Ashenzari
Cheibriados
Dithmenos
Elyvilon
Fedhas
Gozag
Kikubaaqudgha
Makhleb
Nemelex Xobeh
Okawaru
Pakellas
Qazlal
Ru
Sif Muna
Trog
Vehumet
Xom
Yredelemnul
Zin
The Shining One

Annotations:
Lair:1 donomii's ghost, journeyman OgHu


Innate Abilities, Weirdness & Mutations

You are resistant to torment.
Your stone body is resilient (AC +7).
You are immune to poison.
You resist negative energy.
You are resistant to electric shocks.
You can survive without breathing.
You are immune to petrification.
You are immune to rotting.


Message History

Donomii's ghost barely misses you.
You whack donomii's ghost!
Donomii's ghost is almost destroyed.
Donomii's ghost misses you.
You miss donomii's ghost.
Donomii's ghost is almost destroyed.
You closely miss donomii's ghost.
Donomii's ghost is almost destroyed.
Donomii's ghost hits you.
* * * LOW HITPOINT WARNING * * *
Donomii's ghost burns you.
* * * LOW HITPOINT WARNING * * *
You whack donomii's ghost!
Donomii's ghost is almost destroyed.
You barely miss donomii's ghost.
Donomii's ghost is almost destroyed.
Donomii's ghost hits you.
* * * LOW HITPOINT WARNING * * *
Donomii's ghost burns you.
You die...

###### ### #.##.##
###.############
......###.......@W......
P##...##....####..##.#..
##....##....# #..#
#....##....# #..#
##....###...## ...#
.......##....#.....
....................
....................
..........######...##


You could see donomii's ghost.

Vanquished Creatures
  The ghost of Kris the Digger, a novice GrEE of Vehumet (D:6)
  A komodo dragon (Lair:1)
  Grinder (D:5)
  Prince Ribbit (D:6)
  A wraith (D:7)
  Sigmund (D:5)
  5 yaks (D:8)
  4 humans (D:6)
  Menkaure (D:6)
  A porcupine (Lair:1)
  2 water moccasins
  An ice beast (D:5)
  A sky beast (D:5)
  3 phantoms
  9 ogres
  2 centaurs (D:8)
  A crocodile (D:8)
  A giant frog (D:6)
  Blork the orc (D:5)
  A wyvern skeleton (D:6)
  A scorpion (D:7)
  3 crimson imps
  A jelly (D:8)
  A centaur skeleton (D:8)
  A giant frog zombie (D:7)
  3 giant frog skeletons (D:7)
  5 orc priests
  7 hounds
  2 orc wizards
  3 iguanas
  7 worker ants
  A hound zombie (D:5)
  2 hound skeletons
  7 gnolls
  8 adders
  9 river rats (Lair:1)
  A shadow imp (D:4)
  8 worms
  3 giant geckos
  16 orcs
  6 giant cockroaches
  14 goblins
  8 hobgoblins
  7 jackals
  3 quokkas
  2 ball pythons
  5 bats
  2 giant gecko skeletons
  7 giant newts
  12 kobolds
  8 rats
202 creatures vanquished.

Notes
Turn   | Place    | Note
--------------------------------------------------------------
     0 | D:1      | Kris the Gargoyle Earth Elementalist began the quest for the Orb.
     0 | D:1      | Reached XP level 1. HP: 10/10 MP: 3/3
   256 | D:1      | Reached XP level 2. HP: 15/15 MP: 5/5
   557 | D:1      | Learned a level 2 spell: Stoneskin
   638 | D:1      | Reached skill level 4 in Earth Magic
   834 | D:1      | Reached XP level 3. HP: 19/19 MP: 7/7
   841 | D:1      | Learned a level 3 spell: Stone Arrow
  1284 | D:3      | Reached XP level 4. HP: 2/24 MP: 1/8
  1556 | D:2      | Reached skill level 1 in Conjurations
  1999 | D:2      | Found a white marble altar of Elyvilon.
  2054 | D:2      | Found a burning altar of Makhleb.
  2310 | D:3      | Reached XP level 5. HP: 25/28 MP: 10/10
  2376 | D:3      | Learned a level 5 spell: Lee's Rapid Deconstruction
  2497 | D:3      | Noticed a moth of wrath
  2500 | D:3      | Found a bloodstained altar of Trog.
  2916 | D:3      | Reached skill level 5 in Earth Magic
  3169 | D:4      | Found a stormy altar of Qazlal.
  3172 | D:4      | Noticed a fire elemental
  3177 | D:4      | Noticed a water elemental
  3177 | D:4      | Noticed an air elemental
  3212 | D:4      | Found a staircase to the Ecumenical Temple.
  3222 | Temple   | Entered the Ecumenical Temple
  3266 | Temple   | Became a worshipper of Vehumet
  3735 | D:4      | Reached XP level 6. HP: 17/32 MP: 2/12
  4129 | D:4      | Reached XP level 7. HP: 36/36 MP: 11/14
  4267 | D:4      | Reached skill level 5 in Spellcasting
  4369 | D:4      | Found a shadowy altar of Dithmenos.
  4801 | D:4      | Reached skill level 6 in Earth Magic
  4963 | D:5      | Entered Level 5 of the Dungeon
  4966 | D:5      | Reached * piety under Vehumet
  4966 | D:5      | Offered knowledge of Freeze by Vehumet.
  5100 | D:5      | Noticed Blork the orc
  5105 | D:5      | Killed Blork the orc
  5232 | D:5      | Noticed Grinder
  5239 | D:5      | Killed Grinder
  5239 | D:5      | Reached XP level 8. HP: 41/41 MP: 6/17
  5476 | D:5      | Found a sparkling altar of Nemelex Xobeh.
  5528 | D:5      | Noticed Sigmund
  5536 | D:5      | Killed Sigmund
  5536 | D:5      | Reached skill level 5 in Conjurations
  5637 | D:5      | Reached skill level 7 in Earth Magic
  6279 | D:6      | Reached skill level 1 in Fighting
  6279 | D:6      | Reached skill level 1 in Armour
  6279 | D:6      | Reached skill level 1 in Evocations
  6321 | D:6      | Reached skill level 1 in Maces & Flails
  6321 | D:6      | Reached skill level 1 in Shields
  6321 | D:6      | Reached XP level 9. HP: 39/47 MP: 9/19
  6515 | D:6      | Noticed Kris's ghost (novice GrEE)
  6788 | D:6      | Killed Kris's ghost
  7036 | D:6      | Noticed Prince Ribbit
  7264 | D:6      | Noticed Menkaure
  7277 | D:6      | Killed Menkaure
  7518 | D:6      | Found a deep blue altar of Sif Muna.
  7771 | D:6      | Found a shadowy altar of Dithmenos.
  7771 | D:6      | Found an opulent altar of Gozag.
  7793 | D:6      | Killed Prince Ribbit
  8240 | D:7      | Reached XP level 10. HP: 53/55 MP: 17/21
  8331 | D:7      | Reached skill level 8 in Spellcasting
  9223 | D:8      | Reached ** piety under Vehumet
  9333 | D:8      | Offered knowledge of Searing Ray by Vehumet.
  9578 | D:8      | Found a staircase to the Lair.
  9710 | D:8      | Found a snail-covered altar of Cheibriados.
 10227 | D:8      | Found a blossoming altar of Fedhas.
 10486 | Lair:1   | Entered Level 1 of the Lair of Beasts
 10693 | Lair:1   | Offered knowledge of Throw Flame by Vehumet.
 10701 | Lair:1   | Learned a level 2 spell: Throw Flame
 10880 | Lair:1   | Noticed donomii's ghost (journeyman OgHu)
 10906 | Lair:1   | HP: 1/85 [donomii's ghost (4)]
 10906 | Lair:1   | Slain by donomii's ghost

Vault maps used:
D:1:      lightli_arrival_lavapool, minmay_misc_feat_diagonals, st_stairs_13
D:2:      bloody_makhleb, overflow_temple_1_default, st_stairs_2
D:3:      kennysheep_the_goblin_king, tgw_trog
D:4:      nicolae_qazlal_style_of_elements, minmay_temple_entry_metal_lava,
          minivault_25, grunt_dithmenos_shadows
D:5:      marbit_many_paths, first_bread, uniq_grinder, uniq_blork_the_orc,
          uniq_sigmund
D:6:      lemuel_crystal_altar, gammafunk_temple_overflow_wave,
          lightli_sewer_entry_pipes, minmay_ruffians, uniq_menkaure,
          uniq_prince_ribbit1
D:8:      nicolae_overflow_hidden_temple, dpeg_lair_monsters,
          hangedman_tree_tricks, grunt_ministairs_11
Temple:   triangle_lava_temple_11

Action                   |  1- 3 |  4- 6 |  7- 9 | 10-12 || total
-------------------------+-------+-------+-------+-------++-------
Melee: Whip              |    93 |   187 |    75 |   175 ||   530
 Cast: Stone Arrow       |     1 |    10 |    72 |    47 ||   130
       Stoneskin         |       |     1 |       |       ||     1
       Sandblast         |       |     7 |    44 |    21 ||    72
       Throw Flame       |       |       |       |     7 ||     7
Evoke: Wand              |       |       |     6 |     3 ||     9
  Use: Scroll            |     5 |     6 |     8 |     3 ||    22
       Potion            |     1 |       |     2 |     2 ||     5
 Stab: Distracted        |     1 |     1 |       |       ||     2
       Sleeping          |     3 |     1 |     2 |     4 ||    10
  Eat: Chunk             |     1 |    10 |    10 |     6 ||    27
       Pizza             |       |       |     2 |       ||     2
       Beef jerky        |       |       |     1 |       ||     1
       Fruit             |       |       |       |     3 ||     3
